[ AOE2 MATCH · #504727426 ]
UnrankedShu vs Jurchens
Player's team · WIN
Rival team · LOSS
[ REPLAY ANALYSIS · EXTRACTED FROM THE RECORDED GAME ]
Feudal
10:56
Castle
23:11
Imperial
38:57
| APM avg | 95.9 |
| APM peak | 137 |
| eAPM avg | 50.4 |
| Villagers / military | 144 / 112 |
Focus
⚔️ 48.7% · 🌾 51.3%
Archer ×62 · Skirmisher ×39 · Unknown (1944) ×11 · Unknown (1942) ×10 · Scout Cavalry ×4 · Militia ×3
Feudal
8:51
Castle
23:43
Imperial
39:34
| APM avg | 65.8 |
| APM peak | 97 |
| eAPM avg | 27.0 |
| Villagers / military | 125 / 109 |
Focus
⚔️ 33.2% · 🌾 66.8%
Cavalry Archer ×65 · Skirmisher ×25 · Scout Cavalry ×8 · Scorpion ×6 · Iron Pagoda ×2 · Unknown (1908) ×2
Match map
Initial resources + every placement click. Lines = walls · curves = elevation contours. ◆ gold · ⬟ stone · ● berries · ✦ relic · ◌ wall gap
Your base· Open — 6t gap
Thành Cổ Quảng Trị's base· Open — unwalled flank
Smoothed initial terrain · ◌ = detected wall gap · hover for details
Inputs per minute
— SalzZ_classicpro - - Thành Cổ Quảng Trị
Build order — SalzZ_classicpro
First 150 of 496 actions detected
| 0:00 | Create | Villager (Male) |
| 0:01 | Create | Villager (Male) |
| 0:02 | Build | House |
| 0:02 | Build | House |
| 0:07 | Create | Villager (Male) |
| 0:10 | Create | Villager (Male) |
| 1:25 | Create | Villager (Male) |
| 1:25 | Create | Villager (Male) |
| 1:49 | Build | Lumber Camp |
| 1:58 | Create | Villager (Male) |
| 1:58 | Create | Villager (Male) |
| 1:59 | Create | Villager (Male) |
| 2:14 | Create | Villager (Male) |
| 2:15 | Create | Villager (Male) |
| 2:15 | Create | Villager (Male) |
| 2:45 | Create | Villager (Male) |
| 3:01 | Create | Villager (Male) |
| 3:01 | Create | Villager (Male) |
| 3:32 | Create | Villager (Male) |
| 3:52 | Build | House |
| 4:02 | Create | Villager (Male) |
| 4:02 | Create | Villager (Male) |
| 4:29 | Create | Villager (Male) |
| 4:38 | Build | Barracks |
| 4:49 | Create | Villager (Male) |
| 5:06 | Build | House |
| 5:15 | Create | Villager (Male) |
| 5:17 | Build | Palisade Wall |
| 5:34 | Create | Militia |
| 5:34 | Create | Militia |
| 5:40 | Create | Villager (Male) |
| 5:59 | Create | Militia |
| 6:09 | Build | Mill |
| 6:11 | Create | Villager (Male) |
| 6:16 | Build | House |
| 6:28 | Create | Villager (Male) |
| 6:56 | Create | Villager (Male) |
| 7:02 | Create | Villager (Male) |
| 7:02 | Research | Loom |
| 7:40 | Build | Mining Camp |
| 7:52 | Create | Villager (Male) |
| 7:53 | Research | Loom |
| 8:46 | Research | Feudal Age |
| 8:46 | Research | Feudal Age |
| 9:38 | Create | Villager (Male) |
| 9:43 | Build | Palisade Wall |
| 9:44 | Build | Palisade Wall |
| 10:14 | Build | Palisade Wall |
| 10:38 | Build | Palisade Wall |
| 10:40 | Build | Palisade Wall |
| 10:44 | Build | Palisade Wall |
| 10:54 | Create | Villager (Male) |
| 10:56 | Age | Feudal Age |
| 10:58 | Build | Archery Range |
| 11:00 | Build | Blacksmith |
| 11:01 | Research | Double-Bit Axe |
| 11:01 | Research | Double-Bit Axe |
| 11:02 | Research | Horse Collar |
| 11:05 | Build | Farm |
| 11:11 | Build | House |
| 11:17 | Research | Man-at-Arms (upgrade) |
| 11:18 | Research | Man-at-Arms (upgrade) |
| 11:23 | Create | Spearman |
| 11:32 | Build | House |
| 11:42 | Create | Villager (Male) |
| 11:49 | Create | Spearman |
| 11:51 | Create | Archer |
| 11:52 | Create | Archer |
| 11:53 | Create | Villager (Male) |
| 11:57 | Build | Farm |
| 12:02 | Build | House |
| 12:12 | Build | House |
| 12:13 | Build | Palisade Wall |
| 12:18 | Create | Villager (Male) |
| 12:19 | Build | Palisade Wall |
| 12:21 | Build | Farm |
| 12:38 | Build | Farm |
| 12:45 | Build | Farm |
| 12:45 | Create | Villager (Male) |
| 12:49 | Create | Archer |
| 13:00 | Build | Farm |
| 13:09 | Create | Villager (Male) |
| 13:14 | Build | Farm |
| 13:23 | Create | Villager (Male) |
| 13:31 | Create | Archer |
| 13:40 | Build | Farm |
| 13:41 | Build | Farm |
| 13:53 | Create | Archer |
| 14:00 | Research | Fletching |
| 14:00 | Research | Fletching |
| 14:04 | Create | Villager (Male) |
| 14:10 | Build | Watch Tower |
| 14:19 | Build | Farm |
| 14:20 | Build | Farm |
| 14:32 | Create | Archer |
| 14:35 | Create | Villager (Male) |
| 14:37 | Build | Farm |
| 14:51 | Build | House |
| 14:52 | Build | House |
| 14:52 | Build | Palisade Wall |
| 15:02 | Create | Villager (Male) |
| 15:05 | Build | Farm |
| 15:06 | Create | Villager (Male) |
| 15:15 | Create | Archer |
| 15:30 | Build | Farm |
| 15:31 | Create | Villager (Male) |
| 15:38 | Build | Farm |
| 15:38 | Create | Villager (Male) |
| 15:46 | Build | Stone Wall |
| 15:53 | Create | Archer |
| 15:54 | Create | Villager (Male) |
| 16:08 | Create | Archer |
| 16:16 | Create | Villager (Male) |
| 16:19 | Build | Farm |
| 16:31 | Build | Farm |
| 16:31 | Create | Villager (Male) |
| 16:33 | Build | Palisade Wall |
| 16:39 | Create | Archer |
| 17:28 | Build | Stable |
| 17:29 | Create | Villager (Male) |
| 17:42 | Create | Villager (Male) |
| 17:49 | Research | Forging |
| 17:49 | Research | Forging |
| 17:54 | Create | Archer |
| 18:09 | Create | Scout Cavalry |
| 18:09 | Create | Scout Cavalry |
| 18:12 | Build | Farm |
| 18:14 | Build | Farm |
| 18:22 | Build | House |
| 18:29 | Create | Archer |
| 18:35 | Create | Scout Cavalry |
| 18:39 | Create | Villager (Male) |
| 18:44 | Build | Farm |
| 19:00 | Create | Scout Cavalry |
| 19:02 | Create | Villager (Male) |
| 19:08 | Research | Padded Archer Armor |
| 19:08 | Research | Padded Archer Armor |
| 19:10 | Research | Scale Barding Armor |
| 19:10 | Research | Scale Barding Armor |
| 19:11 | Create | Villager (Male) |
| 19:17 | Build | Farm |
| 19:27 | Create | Archer |
| 19:34 | Create | Villager (Male) |
| 19:41 | Build | Lumber Camp |
| 19:54 | Build | Farm |
| 20:26 | Research | Castle Age |
| 20:35 | Build | Lumber Camp |
| 20:42 | Create | Archer |
| 20:42 | Create | Archer |
| 20:51 | Research | Gold Mining |
Build order — Thành Cổ Quảng Trị
First 150 of 396 actions detected
| 0:00 | Create | Villager (Male) |
| 0:01 | Build | House |
| 0:02 | Build | House |
| 0:06 | Create | Villager (Male) |
| 0:06 | Create | Villager (Male) |
| 0:06 | Create | Villager (Male) |
| 1:26 | Create | Villager (Male) |
| 1:26 | Create | Villager (Male) |
| 1:38 | Create | Villager (Male) |
| 1:38 | Create | Villager (Male) |
| 2:02 | Build | Lumber Camp |
| 2:06 | Create | Villager (Male) |
| 2:06 | Create | Villager (Male) |
| 2:29 | Create | Villager (Male) |
| 2:29 | Create | Villager (Male) |
| 2:56 | Create | Villager (Male) |
| 2:56 | Create | Villager (Male) |
| 3:16 | Create | Villager (Male) |
| 3:54 | Build | House |
| 4:01 | Create | Villager (Male) |
| 4:01 | Create | Villager (Male) |
| 4:23 | Build | Mill |
| 4:45 | Create | Villager (Male) |
| 5:11 | Create | Villager (Male) |
| 5:11 | Create | Villager (Male) |
| 5:43 | Research | Loom |
| 6:38 | Research | Feudal Age |
| 6:38 | Research | Feudal Age |
| 7:11 | Build | Barracks |
| 7:36 | Build | House |
| 8:03 | Build | Palisade Wall |
| 8:08 | Build | Palisade Wall |
| 8:09 | Build | Palisade Wall |
| 8:11 | Build | Palisade Wall |
| 8:15 | Build | Palisade Wall |
| 8:29 | Build | Palisade Wall |
| 8:51 | Age | Feudal Age |
| 8:53 | Create | Villager (Male) |
| 8:56 | Build | Stable |
| 9:03 | Research | Double-Bit Axe |
| 9:05 | Create | Villager (Male) |
| 9:23 | Create | Villager (Male) |
| 9:37 | Create | Scout Cavalry |
| 9:37 | Create | Scout Cavalry |
| 9:39 | Build | House |
| 9:43 | Build | Farm |
| 9:46 | Create | Villager (Male) |
| 9:55 | Build | Palisade Gate |
| 9:59 | Build | House |
| 10:08 | Build | House |
| 10:16 | Create | Scout Cavalry |
| 10:17 | Create | Villager (Male) |
| 10:17 | Create | Villager (Male) |
| 10:28 | Build | House |
| 10:29 | Build | House |
| 10:35 | Build | Palisade Wall |
| 10:36 | Build | Palisade Wall |
| 10:41 | Create | Villager (Male) |
| 10:41 | Create | Villager (Male) |
| 10:48 | Build | Archery Range |
| 11:09 | Create | Scout Cavalry |
| 11:12 | Build | Farm |
| 11:13 | Build | Farm |
| 11:15 | Build | Farm |
| 11:20 | Create | Villager (Male) |
| 11:20 | Create | Villager (Male) |
| 11:21 | Build | Farm |
| 11:34 | Build | Farm |
| 11:51 | Create | Villager (Male) |
| 12:05 | Create | Villager (Male) |
| 12:05 | Create | Villager (Male) |
| 12:06 | Create | Archer |
| 12:07 | Build | Farm |
| 12:08 | Build | Farm |
| 12:11 | Build | House |
| 12:23 | Create | Villager (Male) |
| 12:26 | Build | Palisade Wall |
| 12:32 | Create | Scout Cavalry |
| 12:32 | Create | Scout Cavalry |
| 12:43 | Build | Farm |
| 12:44 | Build | Farm |
| 12:51 | Create | Skirmisher |
| 12:54 | Create | Villager (Male) |
| 13:00 | Build | Farm |
| 13:15 | Create | Skirmisher |
| 13:15 | Create | Skirmisher |
| 13:24 | Build | Farm |
| 13:25 | Create | Villager (Male) |
| 13:57 | Create | Skirmisher |
| 13:57 | Create | Villager (Male) |
| 13:58 | Create | Villager (Male) |
| 13:59 | Build | Farm |
| 14:05 | Build | Farm |
| 14:08 | Build | House |
| 14:15 | Create | Villager (Male) |
| 14:20 | Build | Farm |
| 14:31 | Create | Skirmisher |
| 14:32 | Create | Villager (Male) |
| 14:34 | Build | House |
| 14:35 | Build | House |
| 14:49 | Create | Skirmisher |
| 14:54 | Create | Villager (Male) |
| 14:54 | Create | Villager (Male) |
| 15:04 | Create | Skirmisher |
| 15:05 | Build | Palisade Wall |
| 15:21 | Build | Palisade Wall |
| 15:28 | Build | House |
| 15:36 | Create | Skirmisher |
| 15:36 | Create | Villager (Male) |
| 15:38 | Build | House |
| 15:49 | Create | Scout Cavalry |
| 15:50 | Create | Villager (Male) |
| 16:00 | Create | Skirmisher |
| 16:10 | Create | Villager (Male) |
| 16:16 | Build | House |
| 16:24 | Create | Skirmisher |
| 16:24 | Create | Villager (Male) |
| 16:27 | Build | Farm |
| 16:49 | Build | Farm |
| 16:58 | Create | Skirmisher |
| 17:00 | Create | Villager (Male) |
| 17:12 | Build | Farm |
| 17:14 | Build | Farm |
| 17:16 | Build | Blacksmith |
| 17:22 | Create | Skirmisher |
| 17:24 | Create | Scout Cavalry |
| 17:31 | Create | Villager (Male) |
| 17:44 | Create | Villager (Male) |
| 17:48 | Build | Lumber Camp |
| 17:52 | Build | House |
| 18:15 | Build | Mining Camp |
| 18:15 | Create | Villager (Male) |
| 18:17 | Build | House |
| 18:18 | Build | Palisade Wall |
| 18:40 | Create | Villager (Male) |
| 18:43 | Research | Horse Collar |
| 18:51 | Build | Farm |
| 18:53 | Create | Villager (Male) |
| 18:57 | Build | House |
| 18:57 | Build | House |
| 19:06 | Build | Farm |
| 19:07 | Build | Farm |
| 19:18 | Create | Skirmisher |
| 19:34 | Create | Villager (Male) |
| 20:07 | Create | Villager (Male) |
| 20:25 | Create | Villager (Male) |
| 20:26 | Build | Archery Range |
| 20:34 | Build | House |
| 20:38 | Build | House |
| 20:53 | Research | Castle Age |
Match timeline
| 4:38 | SalzZ_classicpro · first_building Barracks |
| 5:17 | SalzZ_classicpro · wall_segment Palisade Wall x1 |
| 7:11 | Thành Cổ Quảng Trị · first_building Barracks |
| 8:03 | Thành Cổ Quảng Trị · wall_segment Palisade Wall x1 |
| 8:08 | Thành Cổ Quảng Trị · wall_segment Palisade Wall x1 |
| 8:09 | Thành Cổ Quảng Trị · wall_segment Palisade Wall x1 |
| 8:11 | Thành Cổ Quảng Trị · wall_segment Palisade Wall x1 |
| 8:15 | Thành Cổ Quảng Trị · wall_segment Palisade Wall x1 |
| 8:29 | Thành Cổ Quảng Trị · wall_segment Palisade Wall x1 |
| 8:51 | Thành Cổ Quảng Trị · age_up feudal |
| 8:56 | Thành Cổ Quảng Trị · first_building Stable |
| 9:43 | SalzZ_classicpro · wall_segment Palisade Wall x1 |
| 9:44 | SalzZ_classicpro · wall_segment Palisade Wall x1 |
| 10:14 | SalzZ_classicpro · wall_segment Palisade Wall x1 |
| 10:35 | Thành Cổ Quảng Trị · wall_segment Palisade Wall x1 |
| 10:36 | Thành Cổ Quảng Trị · wall_segment Palisade Wall x1 |
| 10:38 | SalzZ_classicpro · wall_segment Palisade Wall x2 |
| 10:40 | SalzZ_classicpro · wall_segment Palisade Wall x1 |
| 10:44 | SalzZ_classicpro · wall_segment Palisade Wall x1 |
| 10:48 | Thành Cổ Quảng Trị · first_building Archery Range |
| 10:56 | SalzZ_classicpro · age_up feudal |
| 10:58 | SalzZ_classicpro · first_building Archery Range |
| 12:13 | SalzZ_classicpro · wall_segment Palisade Wall x1 |
| 12:19 | SalzZ_classicpro · wall_segment Palisade Wall x1 |
| 12:26 | Thành Cổ Quảng Trị · wall_segment Palisade Wall x1 |
| 14:52 | SalzZ_classicpro · wall_segment Palisade Wall x1 |
| 15:05 | Thành Cổ Quảng Trị · wall_segment Palisade Wall x6 |
| 15:21 | Thành Cổ Quảng Trị · wall_segment Palisade Wall x1 |
| 15:46 | SalzZ_classicpro · wall_segment Stone Wall x3 |
| 16:33 | SalzZ_classicpro · wall_segment Palisade Wall x1 |
| 17:28 | SalzZ_classicpro · first_building Stable |
| 18:18 | Thành Cổ Quảng Trị · wall_segment Palisade Wall x1 |
| 21:00 | SalzZ_classicpro · wall_segment Palisade Wall x3 |
| 21:01 | SalzZ_classicpro · wall_segment Palisade Wall x1 |
| 23:11 | SalzZ_classicpro · age_up castle |
| 23:43 | Thành Cổ Quảng Trị · age_up castle |
| 24:02 | SalzZ_classicpro · first_building Monastery |
| 30:24 | Thành Cổ Quảng Trị · first_building Siege Workshop |
| 32:34 | SalzZ_classicpro · wall_segment Palisade Wall x1 |
| 34:01 | SalzZ_classicpro · first_building Castle |
| 34:12 | Thành Cổ Quảng Trị · wall_segment Palisade Wall x1 |
| 34:14 | Thành Cổ Quảng Trị · wall_segment Palisade Wall x4 |
| 34:25 | Thành Cổ Quảng Trị · wall_segment Palisade Wall x1 |
| 36:27 | SalzZ_classicpro · first_market_sell 100 food |
| 36:28 | SalzZ_classicpro · first_market_buy 100 wood |
| 37:11 | SalzZ_classicpro · wall_segment Palisade Wall x1 |
| 37:13 | SalzZ_classicpro · wall_segment Palisade Wall x1 |
| 37:41 | Thành Cổ Quảng Trị · first_building Castle |
| 38:57 | SalzZ_classicpro · age_up imperial |
| 39:12 | SalzZ_classicpro · first_building Siege Workshop |
| 39:34 | Thành Cổ Quảng Trị · age_up imperial |
| 39:41 | Thành Cổ Quảng Trị · first_market_sell 100 food |
| 41:38 | Thành Cổ Quảng Trị · resign |
[ AI ANALYSIS · 1 CREDIT ]
What really happened in this match?
Wolo.gg analyzes every decision: build order, eco, micro, common mistakes by bracket. Personalized analysis on WhatsApp or Discord in 30 seconds.
Civ guide
Shu
Perfil
classicpro (SalzZ_classicpro)